 Dungeon Crawl Stone Soup version 0.19.1-1-g22dce08 (webtiles) character file.

36333 kae the Basher (level 14, -5/113 HPs)
             Began as a Formicid Fighter on Jan 13, 2017.
             Was the Champion of Okawaru.
             Killed from afar by a wizard (32 damage)
             ... with a crystal spear
             ... in a volcano.
             The game lasted 00:20:18 (20006 turns).

kae the Basher (Formicid Fighter)                  Turns: 20006, Time: 00:20:19

Health: -5/113     AC: 21    Str: 25    XL:     14   Next: 23%
Magic:  22/22      EV: 10    Int:  9    God:    Okawaru [******]
Gold:   967        SH: 14    Dex: 13    Spells: 0 memorised, 13 levels left

rFire  . . .     SeeInvis +     d - +9 dire flail (protect)
rCold  . . .     Gourm    .     t - +2 ring mail {MR+}
rNeg   . . .     Faith    .     c - +1 shield
rPois  .         Spirit   .     (helmet unavailable)
rElec  .         Reflect  .     x - +0 cloak
rCorr  .         Harm     .     (no gloves)
MR     ++...                    (no boots)
Stlth  +.........               (no amulet)
                                u - +3 ring of dexterity
                                k - +3 ring of protection

@: protection aura
A: permanent stasis, dig shafts and tunnels, four strong arms, antennae 3,
mutation resistance 1
a: Dig, Shaft Self, Heroism, Finesse, Renounce Religion


You were in a volcano.
You worshipped Okawaru.
Okawaru was exalted by your worship.
You were not hungry.

You visited 3 branches of the dungeon, and saw 17 of its levels.
You also visited: Volcano.

You collected 967 gold pieces.

Inventory:

Hand Weapons
 a - a +1 flail
 d - a +9 dire flail of protection (weapon)
 F - a -1 eveningstar
Armour
 c - a +1 shield (worn)
 t - a +2 ring mail of magic resistance (worn)
 x - a +0 cloak (worn)
Jewellery
 k - a +3 ring of protection (left hand)
 p - an uncursed ring of magical power
 r - an uncursed ring of resist corrosion
 u - a +3 ring of dexterity (right hand)
 v - an uncursed amulet of harm
 E - an uncursed ring of protection from magic
Wands
 y - a wand of flame (14/48)
Scrolls
 i - 6 scrolls of identify
 l - 6 scrolls of remove curse
 o - 2 scrolls of silence
 w - 3 scrolls of amnesia
 H - a scroll of fog
 K - 3 scrolls of enchant armour
 O - 3 scrolls of recharging
Potions
 e - 4 potions of agility
 g - 2 potions of invisibility
 j - 5 potions of lignification
 q - a potion of ambrosia
 s - 5 potions of flight
 z - 2 potions of resistance
 A - a potion of magic
 B - 7 potions of curing
 D - a potion of cure mutation
 M - 3 potions of mutation
 T - a potion of cancellation
 V - 2 potions of heal wounds
Books
 m - a book of Maledictions

   Spells                             Type                      Level
   a - Corona                         Hexes                        1
   b - Ensorcelled Hibernation        Hexes/Ice                    2
   c - Confuse                        Hexes                        3
   d - Tukima's Dance                 Hexes                        3
   e - Dazzling Spray                 Conjuration/Hexes            3
 n - Sif Muna's Disquisition on Aid
   (You found it on level 4 of the Lair of Beasts)

   Spells                             Type                      Level
   a - Song of Slaying                Charms                       2
   b - Swiftness                      Charms/Air                   2
   c - Ozocubu's Armour               Charms/Ice                   3
   d - Spectral Weapon                Hexes/Charms                 3
   e - Deflect Missiles               Charms/Air                   6
Comestibles
 b - a meat ration
 f - 11 bread rations
 h - a beef jerky
 C - a slice of pizza
 R - 26 fruits


   Skills:
 + Level 11.3 Fighting
 * Level 13.7 Maces & Flails
 + Level 11.0 Armour
 + Level 11.7 Shields
 + Level 10.7 Invocations


You had 13 spell levels left.
You didn't know any spells.

Dungeon Overview and Level Annotations

Branches:
Dungeon (11/15)            Temple (1/1) D:5            Lair (5/6) D:11
 Shoals (0/4) Lair:4       Spider (0/4) Lair:4          Orc (0/2) D:9
  Slime: Lair:5-6

Altars:
Ashenzari
Cheibriados
Dithmenos
Elyvilon
Fedhas
Gozag
Hepliaklqana
Kikubaaqudgha
Makhleb
Nemelex Xobeh
Okawaru
Qazlal
Ru
Sif Muna
Trog
Uskayaw
Vehumet
Xom
Yredelemnul
Zin
The Shining One

Shops:
D:11 %


Innate Abilities, Weirdness & Mutations

You are under a permanent stasis effect.
You can dig through walls and to a lower floor.
Your four strong arms can wield two-handed weapons with a shield.
You have a pair of large antennae on your head. (SInv)
You are somewhat resistant to further mutation.


Message History

You are too injured to fight recklessly!
You flatten the wizard like a pancake!!!
You kill the wizard!
Okawaru accepts your kill.
You impale the wizard!!
The wizard is heavily wounded.
You feel like a meek peon again. The wizard hits you but does no damage.
You barely miss the wizard.
The wizard is heavily wounded.
You closely miss the wizard.
The wizard is heavily wounded.
The wizard closely misses you.
You closely miss the wizard.
The wizard is heavily wounded.
You puncture the wizard!
The wizard is almost dead.
The wizard casts a spell at you. The crystal spear hits you!
You die...

{{ ###§§§≈§ ≈§§§§≈§ { §§§≈§≈
############### ######
+.....#.......≈ #.....
#.∩.'@)....≈% #.....
####...#.p....%♣ #...).
##..##'################'##
##...#..#.....)#)..#.#.....
#.§..+.###+#'#####'#.'.∩.∩.
≈≈≈§§≈#...............#.....
#≈§§§§######################
§≈§§§§≈≈≈≈≈§§≈≈≈§§≈≈≈≈§§≈§§§
§≈≈≈§≈≈§≈≈§§≈§≈§≈≈≈≈≈≈≈≈≈§≈≈


You could see a wizard.

Vanquished Creatures
  3 hydras (Lair:1)
  An unseen horror (D:11)
  A hill giant (D:10)
  4 wizards (Volcano)
  3 oklob plants (Lair:4)
  A manticore (D:11)
  The ghost of empire the Digger, a novice OpEE (D:6)
  A deep elf mage (D:9)
  A cyclops (D:11)
  3 toenail golems (Volcano)
  6 elephants (Lair:4)
  4 black mambas
  A centaur skeleton (D:9)
  6 spiny frogs
  6 komodo dragons
  17 blink frogs
  5 hippogriffs
  A redback (Lair:4)
  A wyvern (Lair:4)
  36 yaks
  A wraith (D:10)
  Grum (D:8)
  2 basilisks
  A soldier ant (D:11)
  Duvessa (D:4)
  5 water moccasins
  2 hell hounds (Lair:5)
  8 porcupines
  3 ice beasts
  9 orc warriors
  7 necrophages
  3 phantoms
  3 sky beasts
  6 ogres
  16 wolves
  3 centaurs
  8 crocodiles
  A big kobold (D:10)
  9 bullfrogs
  A gnoll sergeant (D:8)
  Dowan (D:4)
  10 scorpions
  9 wights
  11 killer bees
  2 electric eels
  7 howler monkeys
  7 crimson imps
  3 bullfrog zombies
  3 centaur zombies
  5 hounds
  A quasit (D:7)
  2 jellies
  6 orc priests
  A bullfrog skeleton (D:8)
  7 orc wizards
  3 iguanas
  11 worker ants
  A killer bee zombie (D:10)
  A hound zombie (D:9)
  2 hound skeletons
  2 worker ant zombies
  Robin (D:3)
  18 adders
  4 gnolls (D:8)
  3 river rats (D:11)
  An adder skeleton (D:4)
  A worm (D:4)
  3 dart slugs
  5 leopard geckos
  52 orcs
  2 ball pythons
  2 giant cockroaches
  6 hobgoblins
  7 jackals (D:6)
  2 quokkas
  20 bats
  2 frilled lizards
  A giant cockroach zombie (D:6)
  10 goblins
  A jackal zombie (D:5)
  5 kobolds
  20 rats
  5 fungi (D:6)
  4 plants
462 creatures vanquished.

Vanquished Creatures (others)
  A bush (Lair:3)
  5 fungi
  4 plants
10 creatures vanquished.

Grand Total: 472 creatures vanquished

Notes
Turn   | Place    | Note
-------+----------+-------------------------------------------
     0 | D:1      | kae the Formicid Fighter began the quest for the Orb.
     0 | D:1      | Reached XP level 1. HP: 18/18 MP: 1/1
   218 | D:1      | Reached XP level 2. HP: 18/24 MP: 2/2
   565 | D:1      | You fall through a shaft!
   775 | D:2      | Found a faded altar of an unknown god.
   942 | D:2      | Reached XP level 3. HP: 26/29 MP: 3/3
  1346 | D:2      | Reached XP level 4. HP: 34/37 MP: 4/4
  1434 | D:2      | Reached skill level 3 in Maces & Flails
  1976 | D:3      | Noticed Robin
  2002 | D:3      | Killed Robin
  2002 | D:3      | Reached XP level 5. HP: 42/42 MP: 5/5
  2517 | D:4      | Noticed a phantom
  2564 | D:4      | HP: 2/42 [phantom (6)]
  3024 | D:4      | Killed a phantom
  3024 | D:4      | Reached skill level 4 in Maces & Flails
  3024 | D:4      | Reached XP level 6. HP: 21/49 MP: 6/6
  3207 | D:4      | Noticed Dowan
  3208 | D:4      | Noticed Duvessa
  3232 | D:4      | Killed Dowan
  3565 | D:4      | Found a white marble altar of Elyvilon.
  3640 | D:4      | Killed Duvessa
  3640 | D:4      | Reached skill level 5 in Shields
  3640 | D:4      | Reached XP level 7. HP: 35/55 MP: 7/7
  3774 | D:4      | Reached skill level 5 in Maces & Flails
  3833 | D:4      | Reached skill level 5 in Fighting
  3833 | D:4      | Reached skill level 5 in Armour
  4045 | D:5      | Entered Level 5 of the Dungeon
  4111 | D:5      | Reached XP level 8. HP: 50/62 MP: 8/8
  4184 | D:5      | Found a staircase to the Ecumenical Temple.
  4225 | Temple   | Entered the Ecumenical Temple
  4364 | Temple   | Became a worshipper of Warmaster Okawaru
  4466 | D:5      | HP: 3/63 [poisoned by a scorpion]
  4776 | D:5      | Reached skill level 1 in Invocations
  4975 | D:5      | Reached skill level 6 in Maces & Flails
  5341 | D:6      | Noticed empire's ghost (novice OpEE)
  5448 | D:6      | Killed empire's ghost
  5448 | D:6      | Reached * piety under Okawaru
  5448 | D:6      | Reached XP level 9. HP: 47/69 MP: 9/11
  5725 | D:6      | Reached skill level 7 in Maces & Flails
  5762 | D:6      | Reached ** piety under Okawaru
  6176 | D:6      | Found a faded altar of an unknown god.
  6176 | D:6      | Found a bloodstained altar of Trog.
  6197 | D:6      | Found a faded altar of an unknown god.
  6199 | D:6      | Found a glowing silver altar of Zin.
  6201 | D:6      | Found a shattered altar of Ashenzari.
  7049 | D:7      | Reached skill level 8 in Maces & Flails
  7089 | D:7      | HP: 3/71 [poisoned by a killer bee]
  7097 | D:7      | HP: 3/71 [poisoned by a killer bee]
  7410 | D:7      | Found a burning altar of Makhleb.
  7417 | D:7      | Reached XP level 10. HP: 75/77 MP: 13/13
  8178 | D:8      | Reached *** piety under Okawaru
  8178 | D:8      | Reached skill level 5 in Invocations
  8323 | D:8      | Noticed Grum
  8348 | D:8      | Killed Grum
  9366 | D:8      | Reached skill level 9 in Maces & Flails
  9988 | D:9      | Reached **** piety under Okawaru
 10516 | D:9      | Got a scorched copper ring
 10557 | D:9      | Reached XP level 11. HP: 34/86 MP: 12/15
 11243 | D:9      | Reached skill level 10 in Maces & Flails
 11519 | D:9      | Found a staircase to the Orcish Mines.
 11530 | D:9      | Reached ***** piety under Okawaru
 11596 | D:9      | Noticed a deep elf mage
 11630 | D:9      | Killed a deep elf mage
 12161 | D:10     | Entered Level 10 of the Dungeon
 12216 | D:10     | Noticed a hill giant
 12237 | D:10     | Killed a hill giant
 13067 | D:11     | Noticed a cyclops
 13082 | D:11     | Killed a cyclops
 13403 | D:11     | Identified the ring "Allod" {rF+ MR+ AC+1 Str-5 Dex+7} (You found it on level 9 of the Dungeon)
 13605 | D:11     | Reached XP level 12. HP: 86/95 MP: 17/17
 13621 | D:11     | Noticed an unseen horror
 13633 | D:11     | Reached skill level 11 in Maces & Flails
 13647 | D:11     | Killed an unseen horror
 13763 | D:11     | Found a staircase to the Lair.
 14071 | D:11     | Found Wumo's Food Shop.
 14138 | Lair:1   | Entered Level 1 of the Lair of Beasts
 14144 | Lair:1   | Gained mutation: You are somewhat resistant to further mutation. [potion of beneficial mutation]
 14164 | Lair:1   | Noticed a seven-headed hydra
 14175 | Lair:1   | Killed a seven-headed hydra
 14175 | Lair:1   | Reached skill level 10 in Shields
 14342 | Lair:1   | Noticed a six-headed hydra
 14349 | Lair:1   | Killed a six-headed hydra
 14356 | Lair:1   | Received a gift from Okawaru
 14387 | Lair:1   | Noticed a seven-headed hydra
 14398 | Lair:1   | Killed a seven-headed hydra
 15277 | Lair:2   | Reached skill level 10 in Fighting
 15277 | Lair:2   | Reached skill level 12 in Maces & Flails
 15713 | Lair:2   | Reached ****** piety under Okawaru
 15806 | Lair:2   | Reached XP level 13. HP: 100/103 MP: 19/19
 16429 | Lair:3   | Reached skill level 10 in Armour
 17847 | Lair:4   | Reached skill level 13 in Maces & Flails
 17875 | Lair:3   | Received a gift from Okawaru
 18267 | Lair:4   | Reached skill level 10 in Invocations
 18409 | Lair:4   | Found a staircase to the Shoals.
 18599 | Lair:4   | Found a hole to the Spider Nest.
 18892 | Lair:4   | Identified Sif Muna's Disquisition on Aid
 19502 | Lair:4   | Reached XP level 14. HP: 80/113 MP: 21/21
 19847 | Lair:5   | Found a dark tunnel.
 19853 | Volcano  | Entered a volcano
 20006 | Volcano  | Killed from afar by a wizard

Skill      XL: |  1  2  3  4  5  6  7  8  9 10 11 12 13 14 |
---------------+-------------------------------------------+-----
Maces & Flails | 3 4 5 6 8 9 10 12 13 | 13.7
Shields        | 4 5 6 7 8 9 10 11 | 11.7
Armour         | 4 5 6 7 8 9 10 11 | 11.0
Fighting       | 4 5 6 8 9 10 11 | 11.3
Invocations    | 2 4 6 7 9 10 | 10.7

Action                   |  1- 3 |  4- 6 |  7- 9 | 10-12 | 13-15 || total
-------------------------+-------+-------+-------+-------+-------++-------
Melee: Flail             |   109 |   159 |   478 |   515 |       ||  1261
       Dire flail        |       |       |       |   369 |   445 ||   814
Invok: Heroism           |       |       |     1 |    17 |     8 ||    26
       Finesse           |       |       |       |     1 |     1 ||     2
 Abil: Dig               |       |     5 |     2 |     7 |    14 ||    28
Evoke: Wand              |       |       |     1 |       |       ||     1
  Use: Scroll            |       |    13 |     3 |    14 |     6 ||    36
       Potion            |       |     2 |       |     5 |     1 ||     8
 Stab: Paralysed         |       |       |     6 |       |       ||     6
       Held in net/web   |       |       |     1 |       |       ||     1
       Sleeping          |       |       |       |       |     1 ||     1
  Eat: Chunk             |     2 |     3 |    12 |    26 |    15 ||    58
       Meat ration       |       |     1 |       |       |       ||     1
       Royal jelly       |       |       |       |     1 |       ||     1
Armor: Scale mail        |    43 |    43 |   119 |   149 |       ||   354
       Chain mail        |       |       |       |    53 |    49 ||   102
       Ring mail         |       |       |       |       |    29 ||    29
Dodge: Dodged            |    42 |    37 |   111 |   177 |    69 ||   436
Block: Shield            |    58 |    76 |   238 |   422 |   190 ||   984
